[Event "ICC tourney 2533 (25 5)"]
[Site "Internet Chess Club"]
[Date "2021.04.25"]
[Round "5"]
[White "LUKOSE, JOYCE:K09-16437195"]
[Black "PRASAD, SHIVAM:K09-16673648"]
[Result "1/2-1/2"]
[ICCResult "Game drawn by repetition"]
[WhiteElo "1298"]
[BlackElo "789"]
[Opening "QGD Slav defense"]
[ECO "D10"]
[NIC "SL.01"]
[Time "11:01:46"]
[PlyCount "128"]
[TimeControl "1500+5"]

1. d4 d5 2. c4 c6 3. Nc3 Nf6 4. Bg5 Nbd7 5. Nf3 h6 6. Bh4 e6 7. e3 Bb4 8.
Be2 O-O 9. O-O b6 10. h3 Ba6 11. cxd5 Bxe2 12. Qxe2 exd5 13. a3 Bd6 14.
Rfe1 Re8 15. Qd3 Qc7 16. e4 dxe4 17. Nxe4 Nxe4 18. Rxe4 c5 19. Rxe8+ Rxe8
20. Rd1 cxd4 21. Qxd4 Re6 22. Qd3 Nc5 23. Qc4 Re4 24. Qd5 Re6 25. Rc1 a5
26. b4 axb4 27. axb4 Qb7 28. Qxb7 Nxb7 29. Bg3 Bxg3 30. fxg3 Re4 31. Rb1
Nd8 32. Kf2 Nc6 33. b5 Nd4 34. Nxd4 Rxd4 35. Ke3 Rd7 36. Rb3 Kf8 37. Ke4
Ke7 38. g4 g5 39. Rd3 Rxd3 40. Kxd3 Kf6 41. Kd4 Ke6 42. g3 f6 43. h4 gxh4
44. gxh4 Kd6 45. h5 Ke6 46. Ke4 Ke7 47. Kd5 Kd7 48. Ke4 Ke6 49. Kf4 Ke7 50.
Kf5 Kf7 51. Kf4 Ke7 52. Ke3 Kd6 53. Kd4 Ke6 54. Ke3 Ke5 55. Kf3 Ke6 56. Kf4
Ke7 57. Kf5 Kf7 58. Ke4 Ke6 59. Kd4 Kd6 60. Ke3 Ke5 61. Kf3 Ke6 62. Kf4 Ke7
63. Kf5 Kf7 64. Ke4 Ke6 { Game drawn by repetition } 1/2-1/2

[Event "ICC tourney 2533 (25 5)"]
[Site "Internet Chess Club"]
[Date "2021.04.25"]
[Round "5"]
[White "MALLADI, SADKRITH:K09-15797710"]
[Black "RALLABANDI, KRISHNA:K09-16752001"]
[Result "1-0"]
[ICCResult "Black resigns"]
[WhiteElo "1897"]
[BlackElo "1440"]
[Opening "Sicilian: closed"]
[ECO "B23"]
[NIC "SI.44"]
[Time "11:03:32"]
[PlyCount "37"]
[TimeControl "1500+5"]

1. e4 c5 2. Nc3 d6 3. f4 g6 4. Nf3 Bg7 5. Bc4 e6 6. O-O Nc6 7. d4 Nxd4 8.
Be3 Nxf3+ 9. Qxf3 Ne7 10. f5 exf5 11. exf5 gxf5 12. Rae1 h6 13. Qh5 Rf8 14.
Bxh6 Bxh6 15. Qxh6 a6 16. Nd5 Kd7 17. Rxe7+ Kc6 18. Qxf8 Bd7 19. Qxf7 {
Black resigns } 1-0

[Event "ICC tourney 2533 (25 5)"]
[Site "Internet Chess Club"]
[Date "2021.04.25"]
[Round "5"]
[White "SUN, YIMENG:K09-16513258"]
[Black "XIONG, LANG:K09-16344675"]
[Result "0-1"]
[ICCResult "White forfeits on time"]
[WhiteElo "1323"]
[BlackElo "1786"]
[Opening "Caro-Kann: Tartakower (Nimzovich) variation"]
[ECO "B15"]
[NIC "CK.06"]
[Time "11:02:29"]
[PlyCount "64"]
[TimeControl "1500+5"]

1. e4 c6 2. d4 d5 3. Nc3 dxe4 4. Nxe4 Nf6 5. Nxf6+ exf6 6. Nf3 Bd6 7. Bc4
O-O 8. O-O Bg4 9. h3 Bh5 10. Be3 Nd7 11. Be2 Re8 12. Re1 Nf8 13. Qd3 Bg6
14. Qc3 a5 15. Nh4 Bb4 16. Qb3 Bxe1 17. Rxe1 Qc7 18. Nxg6 Nxg6 19. Bd3 Nf4
20. Bc4 Nd5 21. Bxd5 cxd5 22. c3 Qc6 23. Kf1 a4 24. Qc2 Qc4+ 25. Qe2 Qxa2
26. Qc2 Qc4+ 27. Kg1 a3 28. bxa3 Rxa3 29. Bd2 Rxe1+ 30. Bxe1 Ra1 31. Qd2 h6
32. f3 Qb3 { White forfeits on time } 0-1

[Event "ICC tourney 2533 (25 5)"]
[Site "Internet Chess Club"]
[Date "2021.04.25"]
[Round "5"]
[White "WILLIAM WHITE, CHARLES:K09-17140270"]
[Black "SKYRIDGE MIDDLE SCHOOL FONG, ADAM:K09-15742580"]
[Result "0-1"]
[ICCResult "White resigns"]
[WhiteElo "857"]
[BlackElo "384"]
[Opening "Dutch"]
[ECO "A80"]
[NIC "HD.12"]
[Time "11:04:10"]
[PlyCount "82"]
[TimeControl "1500+5"]

1. d4 f5 2. e3 Nf6 3. Bd3 d5 4. c3 e6 5. f4 c6 6. Nf3 Bd6 7. h3 h5 8. O-O
Nbd7 9. Ne5 Ne4 10. Rf3 g5 11. Nd2 Ndf6 12. fxg5 Nxg5 13. Rg3 Nge4 14. Rg7
Bd7 15. Nf7 Qe7 16. Nxd6+ Qxd6 17. Bxe4 fxe4 18. c4 b6 19. Nb3 dxc4 20. Nd2
b5 21. b3 cxb3 22. axb3 Nd5 23. Nxe4 Qf8 24. Rg5 O-O-O 25. Nc5 Kb8 26. e4
Nf4 27. Bxf4+ Qxf4 28. Rxh5 Rxh5 29. Qxh5 Qe3+ 30. Kh1 Qxd4 31. Qg5 Qxa1+
32. Kh2 Kc7 33. h4 a5 34. h5 a4 35. bxa4 bxa4 36. h6 a3 37. h7 a2 38. Qe7
Qe5+ 39. g3 Qh5+ 40. Kg2 Qe2+ 41. Kh3 a1=Q { White resigns } 0-1

[Event "ICC tourney 2533 (25 5)"]
[Site "Internet Chess Club"]
[Date "2021.04.25"]
[Round "5"]
[White "ISAAC JENKINS, MATTHEW:K09-16814454"]
[Black "FRANKS, IAN:K09-15256952"]
[Result "0-1"]
[ICCResult "White forfeits on time"]
[WhiteElo "1302"]
[BlackElo "820"]
[Opening "English: symmetrical variation"]
[ECO "A30"]
[NIC "EO.64"]
[Time "11:02:46"]
[PlyCount "74"]
[TimeControl "1500+5"]

1. c4 c5 2. e4 Nc6 3. Nc3 g6 4. Nge2 Bg7 5. g3 b6 6. Bg2 Bb7 7. d3 e6 8.
O-O Nf6 9. a3 Ne7 10. Rb1 d5 11. b4 cxb4 12. axb4 O-O 13. Ba3 Rc8 14. c5
bxc5 15. bxc5 Ba6 16. exd5 Nfxd5 17. Nxd5 Nxd5 18. Rc1 Qa5 19. Qb3 Rb8 20.
Qa2 Nb4 21. Qb3 Nxd3 22. Qa2 Rb2 23. Bxb2 Qxa2 24. Bxg7 Kxg7 25. Nc3 Nxc1
26. Nxa2 Bxf1 27. Nxc1 Bc4 28. Bf1 Bxf1 29. Kxf1 Rc8 30. Nb3 Kf6 31. Ke2
Ke5 32. Kd3 Kd5 33. Kc3 Rxc5+ 34. Nxc5 Kxc5 35. h4 f5 36. f3 e5 37. Kd3 Kb4
{ White forfeits on time } 0-1

[Event "ICC tourney 2533 (25 5)"]
[Site "Internet Chess Club"]
[Date "2021.04.25"]
[Round "5"]
[White "JOHN KIM, ANDREW:K09-16142364"]
[Black "MURUGAN AYYAPPAN, AADARSINI:K09-16041583"]
[Result "0-1"]
[ICCResult "White checkmated"]
[WhiteElo "995"]
[BlackElo "1544"]
[Opening "Queen's pawn, Mason variation"]
[ECO "D00"]
[NIC "QP.08"]
[Time "11:02:30"]
[PlyCount "102"]
[TimeControl "1500+5"]

1. d4 d5 2. Bf4 Nf6 3. e3 Bf5 4. Nf3 e6 5. Bd3 Bg6 6. c3 c5 7. O-O Nc6 8.
Nbd2 Bxd3 9. Re1 Be4 10. Nxe4 Nxe4 11. Ne5 Bd6 12. Qb3 Qc7 13. Qa4 O-O 14.
Nxc6 Bxf4 15. Na5 Bxh2+ 16. Kf1 Bd6 17. Ke2 b6 18. Nb3 cxd4 19. Qxd4 Be5
20. Qd3 Qe7 21. Rac1 Qh4 22. f3 Qf2+ 23. Kd1 Nf6 24. Rc2 Qg3 25. Rh1 Qg6
26. Qf1 Rac8 27. g4 Rfd8 28. Rg2 Qb1+ 29. Nc1 d4 30. g5 dxc3+ 31. Ke1 Qxc1+
32. Kf2 Rd2+ 33. Kg1 Rd1 34. Kf2 Rxf1+ 35. Rxf1 Qd2+ 36. Kg1 Qxe3+ 37. Rff2
Qxf2+ 38. Rxf2 c2 39. gxf6 c1=Q+ 40. Kg2 Bxf6 41. b4 Rc2 42. Rxc2 Qxc2+ 43.
Kg3 Qxa2 44. b5 a5 45. Kf4 a4 46. Kg4 Qe2 47. Kf4 a3 48. Kg3 a2 49. Kf4
a1=Q 50. Kg4 Qg1+ 51. Kf4 Qe5# { White checkmated } 0-1

[Event "ICC tourney 2533 (25 5)"]
[Site "Internet Chess Club"]
[Date "2021.04.25"]
[Round "5"]
[White "HE, STEPHEN:K09-14726703"]
[Black "CHAKRAVARTY, ARITRO:K09-16061277"]
[Result "1-0"]
[ICCResult "Black resigns"]
[WhiteElo "2066"]
[BlackElo "1886"]
[Opening "Sicilian defense"]
[ECO "B33"]
[NIC "SI.34"]
[Time "11:01:06"]
[PlyCount "149"]
[TimeControl "1500+5"]

1. e4 c5 2. Nf3 Nc6 3. d4 cxd4 4. Nxd4 Nf6 5. Nc3 e6 6. a3 d5 7. exd5 exd5
8. Bb5 Bd7 9. O-O Be7 10. Bg5 O-O 11. Re1 h6 12. Bh4 Rc8 13. Nf3 Bg4 14.
Bxf6 Bxf6 15. Nxd5 Bxb2 16. Bxc6 Bxa1 17. Qxa1 bxc6 18. Ne7+ Kh8 19. Nxc8
Bxf3 20. Ne7 Bd5 21. Qe5 Qb8 22. Nxd5 Qxe5 23. Rxe5 cxd5 24. Rxd5 Rc8 25.
g3 Rxc2 26. Rd7 a5 27. Rd5 a4 28. Rd4 Kh7 29. Rxa4 Ra2 30. Ra7 Kg6 31. Kg2
f5 32. h4 Kf6 33. a4 g5 34. hxg5+ hxg5 35. a5 g4 36. Ra8 Kg7 37. a6 Kf7 38.
Kf1 Kg7 39. Ke1 Kh7 40. Ra7+ Kg6 41. Ra8 Kh7 42. Kf1 Kg7 43. a7 Kh7 44. Rf8
Rxa7 45. Rxf5 Kg6 46. Rb5 Ra2 47. Re5 Rc2 48. Re2 Rc4 49. Rd2 Kf5 50. Ke2
Rc3 51. Rd3 Rc2+ 52. Ke3 Rc8 53. Rd5+ Ke6 54. Rd4 Kf5 55. Rd5+ Ke6 56. Rg5
Rc4 57. Rg8 Ke5 58. Rg5+ Kf6 59. Rd5 Ra4 60. Rd4 Ra3+ 61. Kf4 Ra2 62. Kxg4
Kg6 63. Rd6+ Kg7 64. f4 Ra5 65. f5 Ra3 66. Kh4 Ra1 67. g4 Rh1+ 68. Kg5 Rg1
69. Rd7+ Kf8 70. Kh5 Rh1+ 71. Kg6 Ke8 72. Ra7 Rb1 73. g5 Rb6+ 74. f6 Rb8
75. Kg7 { Black resigns } 1-0

[Event "ICC tourney 2533 (25 5)"]
[Site "Internet Chess Club"]
[Date "2021.04.25"]
[Round "5"]
[White "DENG, LILY:K09-16640701"]
[Black "KOLLIPARA, AMOGH:K09-15294780"]
[Result "1/2-1/2"]
[ICCResult "Game drawn by mutual agreement"]
[WhiteElo "1844"]
[BlackElo "1422"]
[Opening "French defense"]
[ECO "C00"]
[NIC "FR.01"]
[Time "11:00:17"]
[PlyCount "81"]
[TimeControl "1500+5"]

1. e4 e6 2. Nf3 d5 3. exd5 exd5 4. d4 Bg4 5. Nc3 Nc6 6. Be3 Nf6 7. Be2 Bd6
8. h3 Bf5 9. Bg5 Be7 10. Qd2 h6 11. Bf4 O-O 12. O-O Qd7 13. Bb5 Bd6 14. Ne5
Bxe5 15. dxe5 Ne4 16. Qxd5 Nxc3 17. Qxd7 Bxd7 18. bxc3 Nxe5 19. Bxd7 Nxd7
20. Bxc7 Rfc8 21. Bg3 Rxc3 22. Rfd1 Nf6 23. Rdc1 Rac8 24. a3 Rxc2 25. Re1
R2c6 26. Kh2 Ra6 27. Re3 Nd5 28. Rb3 Rc3 29. Rxb7 Raxa3 30. Rd1 Rd3 31.
Rxd3 Rxd3 32. Rxa7 Nf6 33. Ra4 Rd2 34. Rf4 Kh7 35. Bh4 Rd6 36. Rf3 Rc6 37.
Bxf6 Rxf6 38. Rxf6 gxf6 39. Kg3 Kg6 40. f4 Kh5 41. h4 { Game drawn by
mutual agreement } 1/2-1/2

[Event "ICC tourney 2533 (25 5)"]
[Site "Internet Chess Club"]
[Date "2021.04.25"]
[Round "5"]
[White "SETHURAMAN, SANDEEP:K09-15472832"]
[Black "SHUKLA, ARIN:K09-15582643"]
[Result "1-0"]
[ICCResult "Black forfeits on time"]
[WhiteElo "2194"]
[BlackElo "1553"]
[Opening "QGD: exchange, positional line"]
[ECO "D35"]
[NIC "QO.16"]
[Time "11:02:04"]
[PlyCount "49"]
[TimeControl "1500+5"]

1. d4 e6 2. c4 d5 3. Nc3 Nf6 4. cxd5 exd5 5. Bg5 Be7 6. e3 h6 7. Bh4 O-O 8.
Bd3 c6 9. Nge2 Be6 10. O-O Nbd7 11. f3 Rc8 12. h3 Re8 13. e4 c5 14. e5 Nh7
15. Bxe7 Qxe7 16. f4 cxd4 17. Nb5 Nb6 18. Nd6 Red8 19. Nxc8 Rxc8 20. Nxd4
Qc5 21. Kh1 Qb4 22. Bxh7+ Kxh7 23. f5 Bd7 24. e6 fxe6 25. fxe6 { Black
forfeits on time } 1-0

[Event "ICC tourney 2533 (25 5)"]
[Site "Internet Chess Club"]
[Date "2021.04.25"]
[Round "5"]
[White "SANTOSH, AKSHAY:K09-15350106"]
[Black "LIN, SYLVIA:K09-16713708"]
[Result "1-0"]
[ICCResult "Black checkmated"]
[WhiteElo "1484"]
[BlackElo "934"]
[Opening "Queen's pawn, Mason variation"]
[ECO "D00"]
[NIC "QP.08"]
[Time "11:01:26"]
[PlyCount "85"]
[TimeControl "1500+5"]

1. d4 d5 2. Bf4 e6 3. e3 Nf6 4. Nf3 Bd6 5. Bd3 O-O 6. Nbd2 Nc6 7. c3 Re8 8.
O-O e5 9. dxe5 Nxe5 10. Nxe5 Bxe5 11. Bxe5 Rxe5 12. Nf3 Re8 13. c4 c6 14.
cxd5 Nxd5 15. Qb3 Qc7 16. Rac1 Be6 17. Bc4 Rac8 18. Rfd1 Nb6 19. Bxe6 Rxe6
20. Rc5 Rd6 21. Rxd6 Qxd6 22. Rf5 Rd8 23. Qxf7+ Kh8 24. g3 g6 25. Qf6+ Qxf6
26. Rxf6 Rd1+ 27. Kg2 Rb1 28. b3 Kg7 29. Re6 Nc8 30. Re8 Nd6 31. Re5 Rb2
32. Re6 Nc8 33. Re8 Nd6 34. Re6 Nc8 35. e4 Rxa2 36. e5 Kf8 37. Ng5 h6 38.
Ne4 Kf7 39. Rf6+ Kg7 40. e6 Re2 41. Rf7+ Kg8 42. Nf6+ Kh8 43. Rh7# { Black
checkmated } 1-0

[Event "ICC tourney 2533 (25 5)"]
[Site "Internet Chess Club"]
[Date "2021.04.25"]
[Round "5"]
[White "LI, HARVEY:K09-16806831"]
[Black "MUTHUKUMAR, HAARI:K09-17128308"]
[Result "0-1"]
[ICCResult "White checkmated"]
[WhiteElo "1756"]
[BlackElo "1152"]
[Opening "Queen's pawn"]
[ECO "A40"]
[NIC "QO.17"]
[Time "11:03:24"]
[PlyCount "132"]
[TimeControl "1500+5"]

1. d4 e6 2. Bf4 d5 3. e3 Bd6 4. Bg3 Nf6 5. Nd2 O-O 6. Bd3 Re8 7. Ngf3 Nc6
8. c3 e5 9. dxe5 Nxe5 10. Nxe5 Bxe5 11. Nf3 Bxg3 12. hxg3 Bg4 13. Qe2 c6
14. Rh4 h6 15. O-O-O Qa5 16. Kb1 b5 17. Bc2 b4 18. cxb4 Qxb4 19. Rd4 Bxf3
20. Qxf3 Qe7 21. g4 c5 22. Rd1 Rab8 23. Rdh1 Qe5 24. b3 c4 25. Qf5 cxb3 26.
Bxb3 Qxf5+ 27. gxf5 Ne4 28. f3 Nd2+ 29. Kc2 Nxb3 30. axb3 Rxe3 31. f6 Rexb3
32. fxg7 Rb2+ 33. Kc3 R8b3+ 34. Kd4 Rb4+ 35. Kxd5 Rxh4 36. Rxh4 Kxg7 37.
Rg4+ Kf6 38. g3 Rb5+ 39. Kc6 Rg5 40. Rf4+ Rf5 41. Rh4 Rxf3 42. Rxh6+ Kg7
43. Rh3 f5 44. Rh5 Kf6 45. Rh6+ Kg5 46. Rh7 Rxg3 47. Rxa7 Rd3 48. Rf7 Kg4
49. Kc5 f4 50. Kc4 Rd8 51. Rf6 Kg3 52. Rg6+ Kf2 53. Rf6 f3 54. Rf7 Ke2 55.
Re7+ Kf1 56. Re3 f2 57. Re6 Rd2 58. Rf6 Ke1 59. Re6+ Re2 60. Ra6 f1=Q 61.
Kc3 Qf3+ 62. Kb4 Re4+ 63. Kc5 Qf5+ 64. Kb6 Re6+ 65. Ka7 Qf7+ 66. Kb8 Re8# {
White checkmated } 0-1

[Event "ICC tourney 2533 (25 5)"]
[Site "Internet Chess Club"]
[Date "2021.04.25"]
[Round "5"]
[White "BRUM, CHARLES:K09-30020736"]
[Black "TCHENG, SUHN:K09-16951820"]
[Result "0-1"]
[ICCResult "White checkmated"]
[WhiteElo "910"]
[BlackElo "406"]
[Opening "Two knights defense"]
[ECO "C55"]
[NIC "IG.01"]
[Time "11:02:19"]
[PlyCount "110"]
[TimeControl "1500+5"]

1. e4 e5 2. Nf3 Nc6 3. Bc4 Nf6 4. O-O Bc5 5. d3 h6 6. Nc3 Bd4 7. Ne2 d5 8.
exd5 Nxd5 9. Bxd5 Qxd5 10. Nexd4 Nxd4 11. Nxd4 Qxd4 12. c3 Qd5 13. f4 O-O
14. fxe5 b6 15. Qe2 Ba6 16. c4 Qd4+ 17. Qe3 Qg4 18. Bd2 Bb7 19. Qg3 Qd4+
20. Kh1 Kh8 21. Bc3 Qd7 22. e6 fxe6 23. Rf4 Rxf4 24. Qxf4 Kh7 25. h3 e5 26.
Bxe5 Qxh3+ 27. Qh2 Qxd3 28. Qg1 Qxc4 29. Rc1 Qh4+ 30. Qh2 Qxh2+ 31. Kxh2 c5
32. Rf1 Re8 33. Bc3 Bd5 34. a3 Re2 35. Kh3 Bxg2+ 36. Kg3 Bxf1 37. Kf3 Rg2
38. Ke4 h5 39. Kd5 h4 40. Be5 h3 41. Kc6 h2 42. Bxh2 Rxh2 43. b4 Ba6 44.
bxc5 Rc2 45. Kc7 Rxc5+ 46. Kb8 Ra5 47. Kxa7 Rxa3 48. Kxb6 g6 49. Kc5 g5 50.
Kb4 Rf3 51. Ka5 g4 52. Kb6 g3 53. Kc7 g2 54. Kb8 g1=Q 55. Ka8 Rf8# { White
checkmated } 0-1

[Event "ICC tourney 2533 (25 5)"]
[Site "Internet Chess Club"]
[Date "2021.04.25"]
[Round "5"]
[White "DELGADO, RAPHAEL:K09-15177176"]
[Black "ZOFFER, OSKAR:K09-16471866"]
[Result "1/2-1/2"]
[ICCResult "Game drawn by mutual agreement"]
[WhiteElo "913"]
[BlackElo "1680"]
[Opening "Vienna gambit"]
[ECO "C29"]
[NIC "VG.04"]
[Time "11:00:57"]
[PlyCount "93"]
[TimeControl "1500+5"]

1. e4 e5 2. Nc3 Nf6 3. f4 Nc6 4. Nf3 Bb4 5. fxe5 Bxc3 6. dxc3 Ng8 7. Bc4
Nge7 8. O-O Na5 9. Bxf7+ Kxf7 10. Ng5+ Kg8 11. Qf3 Qe8 12. Nf7 Ng6 13. Nxh8
Nxh8 14. b3 Nc6 15. Ba3 Ng6 16. Rf2 Ncxe5 17. Qd1 d6 18. h3 Be6 19. c4 Qc6
20. Qe2 Rf8 21. Rxf8+ Nxf8 22. Rf1 Nfd7 23. Bb2 Nf6 24. Bxe5 dxe5 25. Qf3
Qxe4 26. Qxe4 Nxe4 27. Re1 Bf5 28. g4 Bg6 29. Rd1 Nd6 30. Rd5 Bxc2 31. Rc5
c6 32. Rxe5 Bb1 33. Re1 Bxa2 34. Re6 Nxc4 35. bxc4 Bxc4 36. Re7 b5 37. Rxa7
b4 38. Ra4 c5 39. Kf2 b3 40. Ke3 Be6 41. Kd2 Kf7 42. Kc3 c4 43. Ra5 Kf6 44.
Rb5 Bf7 45. Rf5+ Kg6 46. Rb5 Kf6 47. Rf5+ { Game drawn by mutual agreement
} 1/2-1/2

[Event "ICC tourney 2533 (25 5)"]
[Site "Internet Chess Club"]
[Date "2021.04.25"]
[Round "5"]
[White "SIVAPRAKASH, AARUDHRAN:K09-15971582"]
[Black "ROMANYUK, NIKITA:K09-16682244"]
[Result "1-0"]
[ICCResult "Black checkmated"]
[WhiteElo "711"]
[BlackElo "166"]
[Opening "Four knights: Italian variation"]
[ECO "C47"]
[NIC "RG.01"]
[Time "11:01:22"]
[PlyCount "125"]
[TimeControl "1500+5"]

1. e4 e5 2. Nf3 Nf6 3. Nc3 Nc6 4. Bc4 h6 5. O-O a6 6. a3 Bc5 7. b4 Ba7 8.
Rb1 d6 9. a4 O-O 10. d3 Nd4 11. Be3 Nxf3+ 12. Qxf3 Bxe3 13. Qxe3 c6 14. b5
Nh5 15. Ne2 axb5 16. axb5 c5 17. Ng3 Nxg3 18. Qxg3 b6 19. Bd5 Ra5 20. c3
Re8 21. Qf3 Bd7 22. Bxf7+ Kh8 23. Bxe8 Qxe8 24. c4 Qg6 25. Ra1 Kh7 26. Rxa5
bxa5 27. b6 Bg4 28. Qg3 Bc8 29. Rb1 Qf7 30. Qh4 Qd7 31. g3 a4 32. Ra1 Bb7
33. f4 Bc6 34. fxe5 dxe5 35. Qh5 Qd4+ 36. Kg2 Qxa1 37. Qf5+ g6 38. Qf7+ Kh8
39. Qf8+ Kh7 40. Qe7+ Kh8 41. Qf6+ Kh7 42. Qxc6 Qb2+ 43. Kh3 a3 44. Qc7+
Kg8 45. b7 a2 46. b8=Q+ Qxb8 47. Qxb8+ Kf7 48. Qa7+ Kf6 49. Qxa2 g5 50.
Qf2+ Kg6 51. Qxc5 h5 52. Qc6+ Kg7 53. Qd7+ Kg6 54. c5 g4+ 55. Kg2 Kg5 56.
Qa4 h4 57. c6 hxg3 58. hxg3 Kf6 59. c7 Ke6 60. c8=Q+ Ke7 61. Qaa6 Kf7 62.
Qc7+ Ke8 63. Qa8# { Black checkmated } 1-0

[Event "ICC tourney 2533 (25 5)"]
[Site "Internet Chess Club"]
[Date "2021.04.25"]
[Round "5"]
[White "NGO, BACH:K09-15576043"]
[Black "WISNIOWSKI, NATALIE:K09-15702390"]
[Result "0-1"]
[ICCResult "White resigns"]
[WhiteElo "2222"]
[BlackElo "2006"]
[Opening "QGD Slav: exchange, Trifunovic variation"]
[ECO "D14"]
[NIC "SL.02"]
[Time "11:00:24"]
[PlyCount "80"]
[TimeControl "1500+5"]

1. d4 d5 2. Nf3 Nf6 3. c4 c6 4. cxd5 cxd5 5. Nc3 Nc6 6. Bf4 Bf5 7. e3 e6 8.
Qb3 Bb4 9. Bb5 O-O 10. Bxc6 Bxc3+ 11. Qxc3 Rc8 12. Qa3 Rxc6 13. Qxa7 Qc8
14. O-O Bd3 15. Rfe1 Ne4 16. Qa3 Ba6 17. Bg3 Rc2 18. Qb4 h6 19. Rad1 Be2
20. Ra1 Bxf3 21. gxf3 Ng5 22. Kg2 e5 23. dxe5 Qh3+ 24. Kh1 Nxf3 25. Rf1 Rc4
26. Qxc4 dxc4 27. Rfd1 Qf5 28. Kg2 Qe4 29. Kf1 Nxe5 30. Rac1 Nd3 31. Rc2
Rd8 32. Rcd2 Qh1+ 33. Ke2 Qe4 34. b3 b5 35. a4 bxa4 36. bxc4 Qxc4 37. Rxd3
a3 38. Be5 a2 39. Ba1 Qg4+ 40. Ke1 Rxd3 { White resigns } 0-1

[Event "ICC tourney 2533 (25 5)"]
[Site "Internet Chess Club"]
[Date "2021.04.25"]
[Round "5"]
[White "GODLAVETI, PRACHETH:K09-15635626"]
[Black "PARK, LUCAS:K09-16422040"]
[Result "1-0"]
[ICCResult "Black forfeits on time"]
[WhiteElo "1725"]
[BlackElo "1084"]
[Opening "Queen's bishop game"]
[ECO "D00"]
[NIC "QP.08"]
[Time "11:02:07"]
[PlyCount "89"]
[TimeControl "1500+5"]

1. d4 d5 2. Bf4 Nf6 3. Nf3 Bf5 4. e3 e6 5. Bd3 Bxd3 6. cxd3 c5 7. O-O Nc6
8. Nc3 cxd4 9. exd4 Bd6 10. Ne5 O-O 11. Nxc6 bxc6 12. Bg5 Rb8 13. Rb1 c5
14. dxc5 Bxc5 15. d4 Bb4 16. Na4 Be7 17. Bf4 Rb5 18. Nc3 Rb4 19. Ne2 Ne4
20. f3 Nf6 21. a3 Rb7 22. b4 Qc8 23. Qd2 Nd7 24. Rfc1 Qd8 25. Qc3 Nb6 26.
Bc7 Qc8 27. Bxb6 Qxc3 28. Rxc3 axb6 29. Rbc1 Rbb8 30. Rc7 Bd6 31. Rd7 Rfd8
32. Rxd8+ Rxd8 33. Rc6 b5 34. Nc3 Bf4 35. Kf2 Rb8 36. Nxb5 g6 37. Nd6 Bxd6
38. Rxd6 Kg7 39. Ra6 Kf6 40. Ke3 Kf5 41. h4 Rc8 42. g4+ Kf6 43. Kd3 h6 44.
b5 g5 45. h5 { Black forfeits on time } 1-0

[Event "ICC tourney 2533 (25 5)"]
[Site "Internet Chess Club"]
[Date "2021.04.25"]
[Round "5"]
[White "SCHOENBAUER, JAKE:K09-16875594"]
[Black "ALEXANDER SANTOS, DAVID:K09-17215556"]
[Result "1-0"]
[ICCResult "Black resigns"]
[WhiteElo "1299"]
[BlackElo "808"]
[Opening "KGA: Fischer defense"]
[ECO "C34"]
[NIC "KG.02"]
[Time "11:00:59"]
[PlyCount "57"]
[TimeControl "1500+5"]

1. e4 e5 2. f4 exf4 3. Nf3 d6 4. Bc4 Nf6 5. Nc3 Nc6 6. d4 Bg4 7. Bxf4 Qe7
8. O-O O-O-O 9. Qd3 g6 10. h3 Bd7 11. Rae1 Nh5 12. Nd5 Qe8 13. Bg5 Be7 14.
Nxe7+ Nxe7 15. Qa3 Kb8 16. e5 Ng3 17. Rf2 Ngf5 18. exd6 Nxd6 19. Rxe7 Nxc4
20. Rxe8 Nxa3 21. Rxd8+ Rxd8 22. Bxd8 Kc8 23. Bxc7 Kxc7 24. bxa3 h5 25. Ne5
Be6 26. Nxf7 Bxa2 27. c3 Kd7 28. Rxa2 Ke6 29. Nd8+ { Black resigns } 1-0

[Event "ICC tourney 2533 (25 5)"]
[Site "Internet Chess Club"]
[Date "2021.04.25"]
[Round "5"]
[White "ROMAN, DANIEL:K09-14934138"]
[Black "ZHAO, MILES:K09-15597206"]
[Result "1/2-1/2"]
[ICCResult "Game drawn by mutual agreement"]
[WhiteElo "1372"]
[BlackElo "1843"]
[Opening "Sicilian: Alapin's variation (2.c3)"]
[ECO "B22"]
[NIC "SI.46"]
[Time "11:01:22"]
[PlyCount "147"]
[TimeControl "1500+5"]

1. e4 c5 2. c3 Nc6 3. d4 cxd4 4. cxd4 d5 5. exd5 Qxd5 6. Nf3 e5 7. Nc3 Bb4
8. Bd2 Bxc3 9. Bxc3 e4 10. Ne5 Nxe5 11. dxe5 Ne7 12. Be2 Be6 13. O-O O-O
14. Qc2 Rac8 15. Rfd1 Qxe5 16. Bxe5 Rxc2 17. Bd6 Rxe2 18. Bxe7 Re8 19. Ba3
h6 20. b3 Rc8 21. Re1 Rcc2 22. Rxe2 Rxe2 23. Kf1 Rc2 24. Bc1 b5 25. Be3 a5
26. a4 b4 27. Rb1 Rc3 28. Bb6 Bxb3 29. Bxa5 Bc4+ 30. Ke1 Rb3 31. Rxb3 Bxb3
32. Bxb4 Bxa4 33. Ke2 f5 34. Ke3 Kf7 35. Kf4 Ke6 36. Bf8 g5+ 37. Ke3 h5 38.
g3 Bc6 39. h4 Kf6 40. Bh6 f4+ 41. Ke2 Bb5+ 42. Ke1 gxh4 43. gxh4 Kf5 44.
Kd2 Kg4 45. Bg5 e3+ 46. Ke1 f3 47. Bf6 Kh3 48. Bg5 Bc4 49. Bxe3 Kxh4 50.
Bf4 Kh3 51. Kd2 Kg2 52. Bg3 Kh3 53. Ke3 Bd5 54. Bf4 Kg2 55. Bg3 Ba8 56. Kf4
Bc6 57. Kg5 Be8 58. Kh4 Bf7 59. Kg5 Kh3 60. Kf4 Bd5 61. Kg5 Bf7 62. Kf4 h4
63. Bxh4 Kxh4 64. Kxf3 Kg5 65. Ke4 Kf6 66. f4 Bg6+ 67. Kf3 Bf5 68. Kg3 Kg6
69. Kf3 Kf6 70. Kg3 Kg6 71. Kf3 Kf6 72. Kg3 Kg6 73. Kf3 Kf6 74. Ke3 { Game
drawn by mutual agreement } 1/2-1/2

[Event "ICC tourney 2533 (25 5)"]
[Site "Internet Chess Club"]
[Date "2021.04.25"]
[Round "5"]
[White "SMITH, SILAS:K09-15797197"]
[Black "Y OH, JAMES:K09-15146868"]
[Result "1-0"]
[ICCResult "Black resigns"]
[WhiteElo "1694"]
[BlackElo "2034"]
[Opening "King's Indian: Sämisch, 5...O-O"]
[ECO "E81"]
[NIC "KI.52"]
[Time "11:00:26"]
[PlyCount "72"]
[TimeControl "1500+5"]

1. d4 Nf6 2. c4 g6 3. Nc3 Bg7 4. e4 d6 5. f3 O-O 6. Nge2 c5 7. d5 a6 8. a4
Nfd7 9. Ng3 Ne5 10. Be2 h5 11. O-O a5 12. Bg5 Na6 13. Qd2 Kh7 14. f4 Ng4
15. Bxg4 hxg4 16. f5 Nb4 17. Qe2 Bd4+ 18. Kh1 Kg7 19. Qxg4 Rh8 20. Nge2 Be5
21. Bf4 Bf6 22. Qg3 Rh5 23. fxg6 fxg6 24. Bd2 Bh4 25. Qf3 Bf6 26. g4 Rh4
27. g5 Bg4 28. gxf6+ exf6 29. Qg3 g5 30. Nf4 Qd7 31. Ne6+ Kg6 32. Rxf6+
Kxf6 33. Bxg5+ Kg6 34. Qxh4 Qh7 35. Nf4+ Kg7 36. Bf6+ Kg8 { Black resigns }
1-0

[Event "ICC tourney 2533 (25 5)"]
[Site "Internet Chess Club"]
[Date "2021.04.25"]
[Round "5"]
[White "CHEN, ANGELIQUE LEE:K09-30021275"]
[Black "VENIGALLA, THAMAN:K09-15782351"]
[Result "1-0"]
[ICCResult "Black resigns"]
[WhiteElo "743"]
[BlackElo "242"]
[Opening "Giuoco Piano"]
[ECO "C54"]
[NIC "IG.02"]
[Time "11:02:08"]
[PlyCount "149"]
[TimeControl "1500+5"]

1. e4 e5 2. Nf3 Nc6 3. Bc4 Bc5 4. c3 Nf6 5. d3 a6 6. a3 O-O 7. O-O d6 8. h3
h6 9. Re1 Re8 10. d4 Bb6 11. dxe5 dxe5 12. Qb3 Be6 13. Bxe6 Rxe6 14. Nbd2
Na5 15. Qc2 Nc6 16. Nc4 Qe8 17. Be3 Bxe3 18. Nxe3 Rd8 19. Rad1 Rxd1 20.
Rxd1 Rd6 21. Rxd6 cxd6 22. Nd2 Qe6 23. Qd3 Ne7 24. Nec4 d5 25. exd5 Qxd5
26. Qxd5 Nexd5 27. Nxe5 Nf4 28. Ndc4 b5 29. Ne3 Kf8 30. Kf1 Ke7 31. Ke1 Ke6
32. Nf3 Nd3+ 33. Ke2 Nxb2 34. Nd4+ Ke7 35. Nef5+ Kf8 36. Nb3 Nh5 37. Nc5
Nf4+ 38. Kf3 Nd5 39. Nxa6 Nxc3 40. Nb4 Nc4 41. Nc2 Nxa3 42. Nxa3 b4 43. Nc4
b3 44. Nd4 Nd5 45. Nxb3 Nb4 46. Nd6 Ke7 47. Nf5+ Kf6 48. g4 Nc2 49. Nc5
Ne1+ 50. Ke2 Nc2 51. Nd7+ Ke6 52. Nc5+ Kf6 53. f4 g6 54. Nxh6 Kg7 55. g5
Nd4+ 56. Kd3 Nf5 57. Nxf5+ gxf5 58. Ke3 f6 59. gxf6+ Kxf6 60. h4 Kg6 61.
Kd4 Kh5 62. Ke5 Kg4 63. h5 Kxh5 64. Kxf5 Kh6 65. Ke6 Kg6 66. f5+ Kg7 67.
Ke7 Kg8 68. f6 Kh8 69. f7 Kh7 70. f8=Q Kg6 71. Qf4 Kh5 72. Qg3 Kh6 73. Qg4
Kh7 74. Qg5 Kh8 75. Kf7 { Black resigns } 1-0